 Dungeon Crawl Stone Soup version 0.22.0-21-g8bd1b0a76a (webtiles) character file.

193 Kirk the Chopper (level 5, -2/40 HPs)
             Began as a Demonspawn Gladiator on Aug 20, 2018.
             Killed from afar by an orc wizard (6 damage)
             ... with a magic dart
             ... on level 3 of the Dungeon.
             The game lasted 00:03:24 (1881 turns).

Kirk the Chopper (Demonspawn Gladiator)             Turns: 1881, Time: 00:03:24

Health: -2/40      AC:  3    Str: 15    XL:     5   Next: 44%
Magic:  0/5        EV: 18    Int:  9    God:
Gold:   53         SH:  0    Dex: 20    Spells: 4/4 levels left

rFire    . . .     SeeInvis .   g - +2 hand axe (elec)
rCold    . . .     Gourm    .   (no shield)
rNeg     . . .     Faith    .   b - +0 leather armour
rPois    .         Spirit   +   (helmet restricted)
rElec    .         Reflect  .   (no cloak)
rCorr    .         Harm     .   (no gloves)
MR       .....                  (no boots)
Stlth    ++++......             k - amulet of guardian spirit
HPRegen  0.13/turn              (no ring)
MPRegen  0.09/turn              (no ring)

@: agile, flying, hasted and slowed
A: horns 1, nightstalker 1
a: no special abilities


You were on level 3 of the Dungeon.
You were not hungry.

You visited 1 branch of the dungeon, and saw 3 of its levels.

You collected 53 gold pieces.

Inventory:

Hand Weapons
 a - a +0 war axe
 g - a +2 hand axe of electrocution (weapon)
Missiles
 d - 3 throwing nets (quivered)
 i - 2 javelins
Armour
 b - a +0 leather armour (worn)
 c - a +0 helmet
Jewellery
 k - an amulet of guardian spirit (around neck)
Wands
 p - a wand of polymorph (6)
Scrolls
 e - 4 scrolls of remove curse
 j - a scroll of teleportation {unknown}
 m - a scroll of noise {unknown}
 n - a scroll of fear {unknown}
 o - a scroll of amnesia {unknown}
 r - a scroll of identify {unknown}
Comestibles
 f - 4 rations
 t - 3 chunks of flesh


   Skills:
 + Level 2.9 Fighting
 * Level 5.0 Axes
 - Level 1.7 Throwing
 + Level 1.3 Armour
 - Level 2.6 Dodging


You had 4 spell levels left.
You didn't know any spells.
Your spell library was empty.

Dungeon Overview and Level Annotations

Branches:
Dungeon (3/15)

Altars:
Ashenzari
Fedhas
Gozag
Kikubaaqudgha
Nemelex Xobeh
Vehumet


Innate Abilities, Weirdness & Mutations

You have a pair of small horns on your head.
You are slightly more attuned to the shadows.


Message History

It was a potion of flight.
You feel very buoyant.
You fly up into the air.
The orc wizard hits you with a dagger.
* * * LOW HITPOINT WARNING * * *
It was a potion of agility.
You feel agile all of a sudden.
The orc wizard hits you but does no damage.
The orc wizard points at you and mumbles some strange words.
You feel yourself slow down.
It was a potion of haste.
You feel yourself speed up. The orc wizard barely misses you.
The orc priest misses you. The orc wizard barely misses you.
The orc priest hits you with a whip.
* * * LOW HITPOINT WARNING * * *
Unknown command.
You hit the orc priest.
The orc priest is moderately wounded.
You hit the orc wizard.
The orc wizard gestures at you while chanting.
The magic dart hits you!
You die...

#####...#
...# #...#
....#
#...#.≈...≈.#
#...#.......#
#...#......
###.#......
#.#.≈...≈
#†#o.....
#)@oo....
#####...# ..


You could see an orc priest, an orc wizard and an orc.

Vanquished Creatures
  An orc priest (D:3)
  An orc wizard (D:3)
  4 adders
  3 gnolls (D:2)
  An ooze (D:1)
  2 worms (D:2)
  4 dart slugs
  A leopard gecko (D:1)
  6 orcs (D:3)
  2 giant cockroaches (D:1)
  5 hobgoblins
  A ball python (D:1)
  3 bats
  5 frilled lizards
  5 goblins
  5 kobolds
  7 rats
56 creatures vanquished.

Notes
Turn   | Place    | Note
-------+----------+-------------------------------------------
     0 | D:1      | Kirk the Demonspawn Gladiator began the quest for the Orb.
     0 | D:1      | Reached XP level 1. HP: 16/16 MP: 1/1
    37 | D:1      | Reached skill level 3 in Axes
    59 | D:1      | Gained mutation: You have a pair of small horns on your head. [demonic ancestry]
    59 | D:1      | Reached XP level 2. HP: 19/22 MP: 2/2
   413 | D:1      | Reached XP level 3. HP: 27/27 MP: 3/3
   932 | D:2      | Reached skill level 4 in Axes
   975 | D:2      | Found a sparkling altar of Nemelex Xobeh.
   976 | D:2      | Found an ancient bone altar of Kikubaaqudgha.
   976 | D:2      | Found a radiant altar of Vehumet.
   976 | D:2      | Found a shattered altar of Ashenzari.
  1007 | D:2      | Found a blossoming altar of Fedhas.
  1007 | D:2      | Found an opulent altar of Gozag.
  1242 | D:2      | Gained mutation: You are slightly more attuned to the shadows. [demonic ancestry]
  1242 | D:2      | Reached XP level 4. HP: 23/34 MP: 1/4
  1857 | D:3      | Reached skill level 1 in Armour
  1858 | D:3      | Reached XP level 5. HP: 26/40 MP: 3/5
  1868 | D:3      | Reached skill level 5 in Axes
  1881 | D:3      | Killed from afar by an orc wizard

Skill      XL: |  1  2  3  4  5 |
---------------+----------------+-----
Axes           | 3 4 5 |  5.0
Armour         | 1 |  1.3
Fighting       | |  2.9
Throwing       | |  1.7
Dodging        | |  2.6

Action                   |  1- 3 |  4- 6 || total
-------------------------+-------+-------++-------
Melee: War axe           |    53 |       ||    53
       Headbutt          |     6 |     7 ||    13
       Hand axe          |    44 |    41 ||    85
  Use: Scroll            |     1 |       ||     1
       Potion            |       |     4 ||     4
 Stab: Sleeping          |     1 |       ||     1
  Eat: Chunk             |     1 |     2 ||     3
Armor: Leather armour    |    27 |     3 ||    30
Dodge: Dodged            |    60 |    24 ||    84
